 Dungeon Crawl Stone Soup version 0.31-a0-1027-gfb7600b (webtiles) character file.

Game seed: 251969423160141574

212 Coin2 the Trooper (level 5, 0/50 HPs)
             Began as a Hill Orc Fighter on Nov 17, 2023.
             Slain by an iguana (9 damage)
             ... on level 4 of the Dungeon.
             The game lasted 00:11:54 (1621 turns).

Coin2 the Trooper (Hill Orc Fighter)                Turns: 1621, Time: 00:11:55

Health: 0/50       AC:  8    Str: 21    XL:     5   Next: 89%
Magic:  5/5        EV:  9    Int:  8    God:
Gold:   128        SH:  9    Dex: 10    Spells: 4/4 levels left

rFire   + . .        a - +0 war axe
rCold   + . .        c - +0 buckler
rNeg    . . .        v - +1 scale mail {rC+}
rPois   .            (no helmet)
rElec   .            (no cloak)
rCorr   .            (no gloves)
SInv    .            (no boots)
Will    .....        q - amulet of reflection Stlth
                     e - ring of protection from fire
HPRegen 0.28/turn    (no ring)
MPRegen 0.09/turn

%: reflection
@: no status effects
A: no striking features
a: no special abilities


You were on level 4 of the Dungeon.
You visited 1 branch of the dungeon, and saw 4 of its levels.

You collected 128 gold pieces.

Inventory:

Hand Weapons
 a - a +0 war axe (weapon)
 b - a +2 dagger of venom
Missiles
 m - 5 curare-tipped darts
 t - a throwing net
Armour
 c - a +0 buckler (worn)
 v - a +1 scale mail of cold resistance (worn)
Jewellery
 e - a ring of protection from fire (left hand)
 q - an amulet of reflection (around neck)
Wands
 j - a wand of paralysis (11)
Scrolls
 g - a scroll of blinking {unknown}
 h - a scroll of immolation {unknown}
 i - a scroll of noise {unknown}
 k - a scroll of identify {unknown}
 n - a scroll of enchant armour {unknown}
 o - a scroll of silence {unknown}
 p - a scroll of summoning {unknown}
 r - a scroll of vulnerability {unknown}
 s - a scroll of fog {unknown}
Potions
 d - a potion of might
 f - 2 potions of brilliance {unknown}
 l - a potion of haste {unknown}
 u - a potion of resistance {unknown}


   Skills:
 - Level 6.0 Fighting
 - Level 3.0 Axes
 - Level 4.0 Armour
 + Level 4.8 Shields


You had 4 spell levels left.
You didn't know any spells.
Your spell library contained the following spells:

 Spells                   Type           Power      Damage    Failure   Level
 Ensorcelled Hibernation  Hex/Ice        0%         N/A       91%         2
 Jinxbite                 Hex            0%         N/A       91%         2
 Wereblood                Tmut           0%         N/A       91%         2
 Anguish                  Hex/Necr       0%         N/A       100%        4
 Irradiate                Conj/Tmut      0%         3d11      100%        5


Dungeon Overview and Level Annotations

Branches:
Dungeon (4/15)
 Temple: D:4-7

Altars:

Shops:
D:3 [

Annotations:
D:2 Sigmund


Message History

The iguana bites you!
You hit the iguana but do no damage.
The iguana is lightly wounded.
You block the iguana's attack. The iguana bites you.
You are too injured to fight recklessly!
You are too injured to fight recklessly!
You are too injured to fight recklessly!
You are too injured to fight recklessly!
You are too injured to fight recklessly!
You are too injured to fight recklessly!
You are too injured to fight recklessly!
You are too injured to fight recklessly!
You are too injured to fight recklessly!
You are too injured to fight recklessly!
You are too injured to fight recklessly!
You are too injured to fight recklessly!
You are too injured to fight recklessly!
You are too injured to fight recklessly!
You are too injured to fight recklessly!
You are too injured to fight recklessly!
You are too injured to fight recklessly!
You are too injured to fight recklessly!
You are too injured to fight recklessly!
You are too injured to fight recklessly!
You are too injured to fight recklessly!
You are too injured to fight recklessly!
You are too injured to fight recklessly!
You hit the iguana but do no damage.
The iguana is lightly wounded.
The iguana bites you.
You hit the iguana.
The iguana is lightly wounded.
The iguana bites you!
* * * LOW HITPOINT WARNING * * *
The iguana bites you.
* * * LOW HITPOINT WARNING * * *
You hit the iguana.
The iguana is heavily wounded.
The iguana bites you!
You die...

########
#......#
##......#
#..<....# .##
#...[..l#8..8#
#..(..@)..>...
########......
8..8# ..## .#
#


You could see an iguana.

Vanquished Creatures
  Natasha (twice) (D:2)
  An orc wizard (D:3)
  4 adders
  4 dart slugs
  9 orcs
  4 endoplasms
  A giant cockroach (D:3)
  12 goblins
  9 hobgoblins
  5 jackals
  11 kobolds
  A quokka (D:1)
  5 ball pythons
  6 bats
  4 frilled lizards (D:1)
  6 rats
84 creatures vanquished.

Notes
Turn   | Place    | Note
-------+----------+-------------------------------------------
     0 | D:1      | Coin2 the Hill Orc Fighter began the quest for the Orb.
     0 | D:1      | Reached XP level 1. HP: 19/19 MP: 1/1
    51 | D:1      | Reached skill level 4 in Fighting
    51 | D:1      | Reached XP level 2. HP: 27/27 MP: 2/2
   270 | D:1      | Reached XP level 3. HP: 29/33 MP: 3/3
   535 | D:2      | Reached XP level 4. HP: 36/41 MP: 4/4
   535 | D:2      | Noticed Sigmund
   599 | D:2      | Noticed Natasha
   607 | D:2      | Killed Natasha
   608 | D:2      | Reached skill level 5 in Fighting
   697 | D:2      | Noticed Natasha
   704 | D:2      | Killed Natasha
   705 | D:2      | Reached XP level 5. HP: 49/50 MP: 5/5
  1103 | D:3      | Reached skill level 6 in Fighting
  1138 | D:3      | Found Pigicese's Armour Emporium.
  1621 | D:4      | Slain by an iguana

Illustrated notes

Levels and vault maps discovered:
D:1:      minmay_arrival_solitary_statue, layout_basic, st_stairs_4
D:2:      layout_rooms, minmay_quadrilaterals, uniq_natasha, uniq_sigmund
D:3:      layout_basic, serial_shops, shop
D:4:      layout_basic, gup_sewer_entry_spiral, serial_glass, glass_columns_b,
          glass_columns_c, st_stairs_6, uniq_blork_the_orc

Skill      XL: |  1  2  3  4  5 |
---------------+----------------+-----
Axes           | 3 |  3.0
Fighting       | 4 5 6 |  6.0
Shields        | 4 |  4.8
Armour         | 4 |  4.0

Action                     |  1- 3 |  4- 6 || total
---------------------------+-------+-------++-------
  Melee: War axe           |    92 |   110 ||   202
 Armour: Scale mail        |    52 |    60 ||   112
         Plate armour      |       |    27 ||    27
  Dodge: Dodged            |    33 |    43 ||    76
  Block: Buckler           |    13 |    39 ||    52

Table legend: (Time is in decaauts)
 A = Elapsed time spent in this place.
 B = Non-inter-level travel time spent in this place.
 C = Inter-level travel time spent in this place.
 D = Time resting spent in this place.
 E = Time spent auto-exploring this place.
 F = Levels seen in this place.
 G = Mean time per level.
                   A        B        C        D        E       F      G
               +--------+--------+--------+--------+--------+-----+--------+
         Total |   1704 |   1517 |    187 |      0 |    932 |   4 |  426.0 |
       Dungeon |   1704 |   1517 |    187 |      0 |    932 |   4 |  426.0 |
               +--------+--------+--------+--------+--------+-----+--------+

Top non-repeatable levels by time:
     D:3: 816 daAuts
     D:1: 476 daAuts
     D:2: 392 daAuts
     D:4: 19 daAuts
